 Dungeon Crawl Stone Soup version 0.27.0-1-g7a08968 (webtiles) character file.

Game seed: 6236446924408517507

107744 alexhoolio the Severer (level 16, -5/220 HPs)
             Began as a Minotaur Fighter on Dec 1, 2021.
             Was an Elder of the Shining One.
             Slain by an imperial myrmidon (14 damage)
             ... summoned by a halazid warlock
             ... in the Desolation of Salt.
             The game lasted 01:43:29 (24437 turns).

alexhoolio the Severer (Minotaur Fighter)          Turns: 24437, Time: 01:43:32

Health: -5/220     AC: 24    Str: 27    XL:     16   Next: 1%
Magic:  22/22      EV: 11    Int:  5    God:    the Shining One [****..]
Gold:   527        SH: 14    Dex: 11    Spells: 15/15 levels left

rFire    . . .     SeeInvis .   a - +5 war axe (elec)
rCold    . . .     Faith    .   c - +0 kite shield
rNeg     + + .     Spirit   .   V - +3 plate armour
rPois    +         Reflect  .   N - +0 hat
rElec    .         Harm     .   f - +0 cloak {rPois}
rCorr    +         Rampage  .   p - +0 pair of gloves
Will     ++...                  i - +0 pair of boots
Stlth    ..........             W - amulet of regeneration
HPRegen  1.46/turn              h - ring of willpower
MPRegen  0.18/turn              C - ring of resist corrosion

@: berserking, glowing, very quick
A: horns 2, retaliatory headbutt
a: Renounce Religion, Divine Shield, Cleansing Flame


You were in the Desolation of Salt.
You worshipped the Shining One.
The Shining One was greatly pleased with you.
You visited 5 branches of the dungeon, and saw 22 of its levels.
You also visited: Desolation.

You collected 2257 gold pieces.
You spent 1730 gold pieces at shops.

Inventory:

Hand Weapons
 a - a +5 war axe of electrocution (weapon)
 b - a +0 hunting sling
 E - a +0 morningstar
 F - a +3 vorpal fustibalus
 G - the +7 dagger of Victory {flame, rF++ Stlth+}
   (You found it on level 9 of the Dungeon)

   It burns those it strikes, dealing additional fire damage.
   rF:        It greatly protects you from fire.
   Stlth:     It makes you more stealthy.
 T - the +8 morningstar of Entrepreneurial Spirit {vorpal, rF- Str+6 SInv}
   (You found it on level 4 of the Lair of Beasts)

   It inflicts extra damage upon your enemies.
   Str:       It affects your strength (+6).
   rF:        It makes you vulnerable to fire.
   SInv:      It lets you see invisible.
Missiles
 r - 87 poisoned darts (quivered)
 Q - 8 throwing nets
 Z - 5 silver javelins
Armour
 c - a +0 kite shield (worn)
 f - a +0 cloak of poison resistance (worn)
 i - a +0 pair of boots (worn)
 p - a +0 pair of gloves (worn)
 N - a +0 hat (worn)
 V - a +3 plate armour (worn)
Jewellery
 h - a ring of willpower (left hand)
 j - a ring of flight
 m - the amulet "Zimizu Noder" {RegenMP Will++}
   (You took it off a deep elf sorcerer on level 1 of the Elven Halls)

   [amulet of magic regeneration]

   It increases your rate of magic regeneration.
   Will:      It greatly increases your willpower.
 y - a ring of positive energy
 C - a ring of resist corrosion (right hand)
 U - a +4 ring of protection
 W - an amulet of regeneration (around neck)
Wands
 g - a wand of iceblast (17)
 v - a wand of polymorph (6)
 L - a wand of charming (20)
 M - a wand of acid (23)
 R - a wand of paralysis (6)
 X - a wand of flame (19)
Scrolls
 e - 4 scrolls of enchant weapon {unknown}
 o - 2 scrolls of immolation
 t - 5 scrolls of teleportation
 u - a scroll of magic mapping
 w - a scroll of vulnerability
 D - 2 scrolls of fear
 H - a scroll of fog
 I - 3 scrolls of enchant armour
 J - 3 scrolls of silence {unknown}
 O - 3 scrolls of holy word {unknown}
Potions
 d - 5 potions of mutation
 k - 4 potions of flight
 l - 5 potions of ambrosia
 n - 6 potions of curing
 q - 2 potions of brilliance
 s - 3 potions of heal wounds
 x - 3 potions of lignification
 A - 3 potions of haste
 B - 6 potions of attraction
 S - 2 potions of magic
 Y - 3 potions of might


   Skills:
 + Level 14.9 Fighting
 - Level 16.0 Axes
 + Level 14.9 Armour
 - Level 10.0 Dodging
 + Level 14.9 Shields
 + Level 10.6 Invocations


You had 15 spell levels left.
You didn't know any spells.
Your spell library contained the following spells:

 Spells                   Type           Power      Damage    Failure   Level
 Animate Skeleton         Necr           0%         N/A       98%         1
 Pain                     Necr           0%         1d4       98%         1
 Sandblast                Erth           0%         2d4       98%         1
 Summon Small Mammal      Summ           0%         N/A       98%         1
 Corpse Rot               Necr/Air       N/A        N/A       99%         2
 Passwall                 Tmut/Erth      0%         N/A       99%         2
 Poisonous Vapours        Pois/Air       0%         N/A       99%         2
 Sublimation of Blood     Necr           0%         N/A       99%         2
 Wereblood                Tmut           0%         N/A       99%         2
 Call Canine Familiar     Summ           0%         N/A       100%        3
 Dazzling Flash           Conj/Hex       0%         N/A       100%        3
 Ozocubu's Armour         Ice            0%         N/A       100%        3
 Portal Projectile        Hex/Tloc       0%         N/A       100%        3
 Stone Arrow              Conj/Erth      0%         3d7       100%        3
 Vampiric Draining        Necr           0%         2d6       100%        3
 Animate Armour           Summ/Erth      0%         N/A       100%        4
 Fulminant Prism          Conj/Hex       0%         3d6       100%        4
 Iskenderun's Mystic Bla  Conj/Tloc      0%         2d3       100%        4
 Leda's Liquefaction      Hex/Erth       0%         N/A       100%        4
 Summon Lightning Spire   Summ/Air       0%         N/A       100%        4
 Alistair's Intoxication  Tmut/Pois      0%         N/A       100%        5
 Blade Hands              Tmut           0%         N/A       100%        5
 Bolt of Magma            Conj/Fire/Erth 0%         4d4       100%        5
 Borgnjor's Vile Clutch   Necr/Erth      0%         N/A       100%        5
 Excruciating Wounds      Necr           0%         N/A       100%        5
 Freezing Cloud           Conj/Ice/Air   0%         6-21      100%        5
 Lee's Rapid Deconstruct  Erth           0%         3d5*      100%        5
 Metabolic Englaciation   Hex/Ice        0%         N/A       100%        5
 Summon Forest            Summ/Tloc      0%         N/A       100%        5
 Eringya's Noxious Bog    Tmut/Pois      0%         N/A       100%        6
 Iron Shot                Conj/Erth      0%         9d1       100%        6
 Simulacrum               Ice/Necr       0%         N/A       100%        6
 Starburst                Conj/Fire      0%         8x6d3     100%        6
 Statue Form              Tmut/Erth      0%         N/A       100%        6
 Storm Form               Tmut/Air       0%         N/A       100%        7
 Summon Hydra             Summ           0%         N/A       100%        7
 Borgnjor's Revivificati  Necr           0%         N/A       100%        8
 Lehudib's Crystal Spear  Conj/Erth      0%         10d2      100%        8
 Maxwell's Capacitive Co  Air            0%         ∞         100%        8
 Necromutation            Tmut/Necr      0%         N/A       100%        8
 Death's Door             Necr           0%         N/A       100%        9


Dungeon Overview and Level Annotations

Branches:
Dungeon (12/15)            Temple (1/1) D:7            Lair (6/6) D:10
  Swamp (0/4) Lair:2       Spider (0/4) Lair:2        Slime (0/5) Lair:6
    Orc (2/2) D:11            Elf (1/3) Orc:2       Desolation (1/1)

Altars:
Ashenzari
Cheibriados
Dithmenos
Elyvilon
Fedhas
Gozag
Hepliaklqana
Kikubaaqudgha
Makhleb
Nemelex Xobeh
Okawaru
Qazlal
Ru
Sif Muna
Trog
Uskayaw
Vehumet
Wu Jian
Xom
Yredelemnul
Zin
The Shining One
Beogh

Shops:
D:3 (   Orc:1 ?   Orc:2 *[=(

Annotations:
D:12 Frances
Lair:5 exclusion: 2 oklob plants
Lair:6 exclusion: oklob plant
Elf:1 Jorgrun


Innate Abilities, Weirdness & Mutations

You have a pair of horns on your head.
You reflexively headbutt those who attack you in melee.


Message History

You slash the saltling!
You destroy the saltling!
You slice the imperial myrmidon!!
The ragged hierophant hits you but does no damage.
You slash the ragged hierophant!
The ragged hierophant is heavily wounded.
You slash the imperial myrmidon!
Lightning courses through the imperial myrmidon!
You hit the saltling but do no damage. x2
Lightning courses through the saltling!
The imperial myrmidon hits you with a +0 scimitar.
* * * LOW HITPOINT WARNING * * *
You barely miss the ragged hierophant.
The ragged hierophant is heavily wounded.
You completely miss the saltling. You slice the saltling!!
You barely miss the imperial myrmidon. The saltling hits you!
* * * LOW HITPOINT WARNING * * *
You block the saltling's attack.
The ragged hierophant closely misses you.
You slash the ragged hierophant!
The ragged hierophant is heavily wounded.
You closely miss the imperial myrmidon.
You hit the saltling but do no damage. x2
The imperial myrmidon hits you with a +0 scimitar.
* * * LOW HITPOINT WARNING * * *
The ragged hierophant casts a spell at you.
A blast of power from the earth and the saltlings strikes you!
* * * LOW HITPOINT WARNING * * *
The ragged hierophant gestures at you while chanting.
A blast of power from the earth and the saltlings strikes you!
* * * LOW HITPOINT WARNING * * *
You block the saltling's attack.
You are too berserk!
You slice the ragged hierophant!!
Lightning courses through the ragged hierophant!
The ragged hierophant is almost dead.
You slash the imperial myrmidon! You hit the saltling but do no damage.
You hit the saltling. You block the saltling's attack.
The ragged hierophant hits you but does no damage.
The imperial myrmidon hits you with a +0 scimitar!
You die...

#.....................
##.......§.§§..........
#######8.....§§.§..§.........
........§..§§§§§§§...§.§.....
..§......§§§§§§§§§..§§.......
.........§§#§.§.....§...§....
..§.......§§........§...#..§§
..........§8...........#§§§§§
..§........a@............§§.§
..§........a8............§§§.
..§........A..#.........§.§.§
............a.............§§.
..#......8.................§§
...........La...............§
............................§
.....∩.∩.a..................§
.............................


You could see 4 ragged hierophants, an imperial myrmidon (summoned, sheltered),
a halazid warlock (sheltered), 3 saltlings and a friendly daeva (summoned).

Vanquished Creatures
  A lich (Elf:1)
  Roxanne (Elf:1)
  Gastronok (D:11)
  2 deep elf sorcerers (Elf:1)
  3 orc warlords
  A stone giant (Orc:1)
  A deep elf demonologist (Elf:1)
  Azrael (Orc:1)
  Josephine (D:10)
  Harold (Lair:2)
  7 servants of whispers
  2 boulder beetles
  4 hydras
  2 peacekeepers (Desolation)
  2 catoblepae
  7 two-headed ogres
  A merfolk avatar (Lair:6)
  10 death yaks
  A dancing weapon (Elf:1)
  3 orc high priests (Orc:2)
  Sonja (D:11)
  2 bog bodies (Lair:2)
  3 orc knights (Orc:1)
  A lindwurm (Lair:5)
  3 deep elf pyromancers (Elf:1)
  An orb spider (Lair:2)
  3 deep elf zephyrmancers (Elf:1)
  2 harpies (Lair:6)
  A wolf spider (Lair:6)
  A cyclops (D:12)
  5 orc sorcerers
  2 manticores (Lair:5)
  17 elephants
  Maurice (D:11)
  3 black mambas
  15 cane toads
  3 torpor snails
  2 unseen horrors (D:11)
  6 rime drakes
  11 komodo dragons
  2 kobold demonologists (D:12)
  3 polar bears (Lair:6)
  3 meliai (Lair:5)
  3 trolls
  20 saltlings
  A queen bee (Lair:5)
  A wind drake (Lair:6)
  2 hornets
  Grinder (D:4)
  18 blink frogs
  3 slime creatures (D:12)
  4 snapping turtles (Lair:6)
  58 yaks
  Sigmund (D:4)
  6 wraiths
  7 wyverns
  A basilisk (Lair:3)
  5 fire elementals
  5 steam dragons
  2 swamp worms (Lair:2)
  4 wargs
  15 water moccasins
  2 hell hounds
  An acid dragon (D:11)
  Duvessa (D:4)
  3 black bears
  2 swamp drakes
  33 orc warriors
  2 sky beasts
  An ice beast (D:7)
  2 necrophages
  11 ogres
  19 wolves
  8 centaurs
  2 phantoms
  3 kobold brigands
  12 bullfrogs
  A gnoll sergeant (D:9)
  3 scorpions
  An earth elemental (Elf:1)
  Dowan (D:4)
  30 killer bees
  5 wights (D:8)
  7 howler monkeys
  2 electric eels
  2 centaur zombies
  3 bullfrog zombies
  2 hounds (D:5)
  4 jellies
  23 orc priests
  2 iguanas (D:7)
  29 orc wizards
  A scorpion zombie (D:4)
  A killer bee zombie (D:6)
  Robin (D:2)
  A howler monkey zombie (D:5)
  4 adders
  6 gnolls
  A river rat (Lair:5)
  A shadow imp (D:5)
  2 ufetubi
  An adder skeleton (D:4)
  4 dart slugs
  74 orcs
  12 ball pythons
  7 bats
  6 endoplasms
  10 giant cockroaches
  6 hobgoblins
  10 jackals
  5 quokkas
  7 frilled lizards
  17 goblins
  A jackal skeleton (D:4)
  26 kobolds
  13 rats
  A butterfly (Lair:3)
735 creatures vanquished.

Vanquished Creatures (collateral kills)
  An imperial myrmidon (Desolation)
  2 saltlings (Desolation)
3 creatures vanquished.

Vanquished Creatures (others)
  A deep elf knight (Elf:1)
  An orc (Orc:2)
  48 fungi
  61 plants
111 creatures vanquished.

Grand Total: 849 creatures vanquished

Notes
Turn   | Place    | Note
-------+----------+-------------------------------------------
     0 | D:1      | alexhoolio the Minotaur Fighter began the quest for the
                  | Orb.
     0 | D:1      | Reached XP level 1. HP: 19/19 MP: 0/0
   199 | D:1      | Reached XP level 2. HP: 20/27 MP: 1/1
   429 | D:1      | Reached skill level 3 in Axes
   900 | D:1      | Found a faded altar of an unknown god.
   931 | D:1      | Reached XP level 3. HP: 33/33 MP: 2/2
  1077 | D:2      | Noticed a scorpion
  1077 | D:2      | Noticed Robin
  1128 | D:2      | Killed a scorpion
  1129 | D:2      | Reached skill level 4 in Axes
  1129 | D:2      | Reached XP level 4. HP: 32/40 MP: 3/3
  1425 | D:2      | Killed Robin
  1433 | D:1      | HP: 2/41 [poisoned by Robin]
  1971 | D:2      | Reached XP level 5. HP: 47/47 MP: 4/4
  3100 | D:3      | Found Ufaediom's Weapon Boutique.
  3228 | D:3      | Reached skill level 5 in Axes
  3233 | D:3      | Reached XP level 6. HP: 55/55 MP: 5/5
  3279 | D:3      | Reached skill level 5 in Fighting
  3279 | D:3      | Reached skill level 5 in Shields
  3311 | D:3      | Found an ancient bone altar of Kikubaaqudgha.
  3452 | D:3      | Found a radiant altar of Vehumet.
  3457 | D:3      | Found a shimmering blue altar of Sif Muna.
  3461 | D:3      | Got Sif Muna's Reference Book on the Entourage
  3789 | D:3      | Reached skill level 5 in Armour
  3846 | D:4      | Noticed Sigmund
  4045 | D:4      | Noticed Dowan
  4058 | D:4      | Killed Dowan
  4059 | D:4      | Reached skill level 6 in Axes
  4065 | D:4      | Noticed Duvessa
  4092 | D:4      | Killed Duvessa
  4093 | D:4      | Reached XP level 7. HP: 36/61 MP: 6/6
  4391 | D:4      | Killed Sigmund
  4652 | D:4      | Reached skill level 7 in Axes
  4913 | D:4      | Noticed Grinder
  4928 | D:5      | Entered Level 5 of the Dungeon
  5004 | D:5      | Reached XP level 8. HP: 38/70 MP: 7/7
  5182 | D:5      | Reached skill level 8 in Axes
  5277 | D:5      | Reached skill level 9 in Axes
  5389 | D:4      | Paralysed by Grinder for 3 turns
  5691 | D:5      | Reached skill level 10 in Axes
  6153 | D:6      | Reached skill level 11 in Axes
  6369 | D:6      | Found a stormy altar of Qazlal.
  6372 | D:6      | Noticed an air elemental
  6411 | D:6      | Found an iron altar of Okawaru.
  6414 | D:6      | Reached XP level 9. HP: 75/75 MP: 8/8
  6419 | D:6      | Found an opulent altar of Gozag.
  6490 | D:6      | Noticed a two-headed ogre
  6534 | D:7      | Found a staircase to the Ecumenical Temple.
  6541 | Temple   | Entered the Ecumenical Temple
  7212 | D:6      | Killed a two-headed ogre
  7213 | D:6      | Reached skill level 13 in Axes
  7496 | D:3      | Bought a +5 war axe of electrocution for 392 gold pieces
  7643 | D:4      | Killed Grinder
  8876 | D:7      | Reached skill level 14 in Axes
  9313 | D:7      | Found an ornate altar of the Wu Jian Council.
  9373 | D:7      | Identified the +6 long sword of Bloodstone {drain, rElec}
  9470 | D:8      | Reached XP level 10. HP: 83/83 MP: 9/9
 10045 | D:9      | Reached skill level 15 in Axes
 10053 | D:9      | Identified the +7 dagger of Victory {flame, rF++ Stlth+}
 10314 | D:9      | Found a blossoming altar of Fedhas.
 10563 | D:9      | Found a broken altar of Ashenzari.
 10706 | D:9      | Paralysed by a hornet for 2 turns
 10845 | D:9      | Reached skill level 16 in Axes
 10851 | D:9      | Reached skill level 1 in Dodging
 11188 | D:10     | Entered Level 10 of the Dungeon
 11284 | D:10     | Found a staircase to the Lair.
 11318 | D:10     | Noticed Josephine
 11340 | D:10     | Killed Josephine
 11341 | D:10     | Reached XP level 11. HP: 74/92 MP: 10/10
 11473 | D:10     | Paralysed by a hornet for 1 turns
 11531 | D:10     | Found a glowing golden altar of the Shining One.
 11546 | D:10     | Found a shadowy altar of Dithmenos.
 11584 | D:10     | Became a worshipper of the Shining One
 11740 | D:10     | Found a sacrificial altar of Ru.
 11807 | D:10     | Found a glowing silver altar of Zin.
 11808 | D:10     | Noticed a two-headed ogre
 11819 | D:10     | Killed a two-headed ogre
 11975 | Lair:1   | Entered Level 1 of the Lair of Beasts
 12163 | Lair:1   | Noticed a five-headed hydra
 12200 | D:10     | Killed a five-headed hydra
 12402 | Lair:1   | Identified the +1 whip of Imminent Death {venom, rC- rCorr
                  | Int+8 Stlth-}
 12436 | Lair:1   | Reached skill level 5 in Dodging
 13230 | Lair:2   | Reached * piety under the Shining One
 13262 | Lair:2   | Reached XP level 12. HP: 35/105 MP: 11/11
 13813 | Lair:2   | Reached skill level 1 in Invocations
 13831 | Lair:2   | Noticed Harold
 13840 | Lair:2   | Killed Harold
 13974 | Lair:2   | Found a hole to the Spider Nest.
 14725 | Lair:4   | Reached skill level 10 in Fighting
 14725 | Lair:4   | Reached skill level 10 in Shields
 15054 | Lair:4   | Reached skill level 10 in Armour
 15208 | Lair:4   | Noticed a death yak
 15218 | Lair:4   | Killed a death yak
 15287 | Lair:4   | Noticed a catoblepas
 15296 | Lair:4   | Killed a catoblepas
 15917 | Lair:4   | Identified the +8 morningstar of Entrepreneurial Spirit
                  | {vorpal, rF- Str+6 SInv}
 16294 | Lair:5   | Noticed a catoblepas
 16307 | Lair:5   | Killed a catoblepas
 16313 | Lair:5   | Reached XP level 13. HP: 115/115 MP: 15/15
 16512 | Lair:5   | Reached skill level 5 in Invocations
 16534 | Lair:5   | Reached ** piety under the Shining One
 17218 | D:11     | Noticed Maurice
 17225 | D:11     | Killed Maurice
 17379 | D:11     | Noticed Gastronok
 17415 | D:11     | Killed Gastronok
 17610 | D:11     | Noticed Sonja
 17627 | D:11     | Killed Sonja
 17918 | D:11     | Found a staircase to the Orcish Mines.
 18170 | Orc:1    | Entered Level 1 of the Orcish Mines
 18175 | Orc:1    | Noticed an orc warlord
 18237 | D:12     | Noticed Frances
 18781 | Lair:2   | Found a staircase to the Swamp.
 19900 | Lair:5   | Reached *** piety under the Shining One
 19989 | Lair:5   | Reached XP level 14. HP: 126/126 MP: 18/18
 20215 | Lair:6   | Entered Level 6 of the Lair of Beasts
 20307 | Lair:6   | Reached skill level 10 in Dodging
 21426 | Lair:6   | Reached **** piety under the Shining One
 21445 | Lair:6   | Found a staircase to the Slime Pits.
 21691 | D:11     | Killed an orc warlord
 21733 | Orc:1    | Found Xiotug's Magic Scroll Shoppe.
 21778 | Orc:1    | Bought a scroll of teleportation for 36 gold pieces
 21778 | Orc:1    | Bought a scroll of enchant armour for 90 gold pieces
 21778 | Orc:1    | Bought a scroll of fog for 24 gold pieces
 21778 | Orc:1    | Bought a scroll of identify for 24 gold pieces
 21972 | Orc:1    | Noticed a stone giant
 21996 | Orc:1    | Killed a stone giant
 21997 | Orc:1    | Reached XP level 15. HP: 66/136 MP: 20/20
 22323 | Orc:2    | Entered Level 2 of the Orcish Mines
 22323 | Orc:2    | Noticed an orc warlord
 22416 | Orc:2    | Found a staircase to the Elven Halls.
 22556 | Orc:2    | Noticed Azrael
 22675 | Orc:1    | Killed Azrael
 22706 | Orc:2    | Killed an orc warlord
 23285 | Orc:2    | Noticed an orc warlord
 23368 | Orc:1    | Killed an orc warlord
 23495 | Orc:2    | Found Vaguxt's General Store.
 23496 | Orc:2    | Found Kimael's Jewellery Shop.
 23503 | Orc:2    | Found Xubronn's Antique Armour Shop.
 23503 | Orc:2    | Found Iduurie's Antique Weapon Boutique.
 23733 | Orc:2    | Bought a brightly glowing plate armour for 924 gold pieces
 23733 | Orc:2    | Identified the +0 plate armour "Ruxzez" {Dex+5 Stlth+} (You
                  | bought it in a shop on level 2 of the Orcish Mines)
 23744 | Orc:2    | Bought a ring of resist corrosion for 240 gold pieces
 23814 | Elf:1    | Entered Level 1 of the Elven Halls
 23836 | Elf:1    | Identified Roxanne's Incunabulum of Stones
 23836 | Elf:1    | Noticed Roxanne
 23933 | Elf:1    | Noticed an Ice Fiend
 23939 | Elf:1    | Noticed Jorgrun
 24024 | Elf:1    | Killed Roxanne
 24025 | Elf:1    | Reached skill level 10 in Invocations
 24046 | Elf:1    | Noticed a deep elf sorcerer
 24047 | Elf:1    | Noticed a lich
 24052 | Elf:1    | Identified the amulet "Zimizu Noder" {RegenMP Will++}
 24052 | Elf:1    | Noticed a deep elf sorcerer
 24055 | Elf:1    | Killed a lich
 24055 | Elf:1    | Killed a deep elf sorcerer
 24060 | Elf:1    | Killed a deep elf sorcerer
 24102 | Elf:1    | Found a crumbling gateway.
 24130 | Desolati | Entered the Desolation of Salt
 24306 | Desolati | Reached ***** piety under the Shining One
 24358 | Desolati | Noticed an imperial myrmidon
 24366 | Desolati | Killed an imperial myrmidon
 24387 | Desolati | Reached XP level 16. HP: 95/147 MP: 14/22
 24436 | Desolati | HP: 9/220 [ragged hierophant/a resonance strike[a halazid
                  | warlock] (16)]
 24437 | Desolati | Slain by an imperial myrmidon

Illustrated notes

Levels and vault maps discovered:
D:1:      dpeg_arrival_ratfight, layout_loops_ring,
          shapermc_ecumenical_altar_ellora
D:2:      minmay_razor_zed, layout_basic, minmay_heptomino_w4, uniq_robin
D:3:      layout_basic, grunt_temple_overflow_magic_moments, serial_shops,
          shop_fountains, skrybe_limestone_x, hangedman_decor_points
D:4:      layout_basic, uniq_grinder, uniq_sigmund, uniq_duvessa
D:5:      layout_cave_pools
D:6:      layout_basic, nicolae_qazlal_style_of_elements,
          grunt_temple_overflow_open, hangedman_decor_clover_reticule
D:7:      layout_basic, nicolae_wu_jian_glorious_leap,
          minmay_temple_entry_wispy, kennysheep_small_circle
D:8:      layout_gridville
D:9:      layout_cave_pools, marbit_many_paths, mainiacjoe_overflow_brackets,
          serial_glass, glass_columns_a, glass_columns_b
D:10:     layout_cave_pools, amcnicky_altar_gilded, kennysheep_little_box,
          nicolae_ru_path_of_blood, mainiacjoe_overflow_alcove_1, uniq_josephine
D:11:     layout_basic, erik_orc_1, grunt_ogre_cave, uniq_gastronok, uniq_sonja,
          uniq_maurice
D:12:     layout_rooms, uniq_frances
Temple:   compressed_dpeg_triangle_lava_temple
Lair:1:   layout_long_grid, infiniplex_staircase_pool
Lair:2:   layout_concentric_octagons, nicolae_swamp_entry_splash_gauntlet,
          nicolae_spider_entry_orb_guardian, hibernation_bobbens, uniq_harold
Lair:3:   layout_chaotic_city, infiniplex_staircase_pool_2, lemuel_fruit_fields,
          lemuel_fruit_tree
Lair:4:   nzn_winding_woodlands_three_and_one
          [nzn_winding_woodlands_5x15_sawtooth,
          nzn_winding_woodlands_5x15_garden, nzn_winding_woodlands_5x15_default,
          nzn_winding_woodlands_center_garden], layout_concentric_octagons,
          chequers_serial_rivers_small_b, grunt_forest_small_clearing_treed
Lair:5:   regret_index_harrowing_hell_hive, layout_small_grid,
          grunt_megastairs_3
Lair:6:   gammafunk_lair_ancient_temple, layout_regular_city,
          minmay_slime_entry_oklob_enclosed, lemuel_fruit_fields
Orc:1:    layout_caves, serial_shops, shop_fountains,
          hellmonk_guarded_unrand_dark_maul
Orc:2:    st_orc_congregation, layout_caves, basic_altar, rock_pile, uniq_azrael
Elf:1:    minmay_the_grid_3x3 [minmay_the_grid_all_tris, minmay_the_grid_expand,
          minmay_the_grid_odd_star, minmay_the_grid_aliased_spiral,
          minmay_the_grid_broken_lines, minmay_the_grid_tri_star,
          minmay_the_grid_dragon_b, minmay_the_grid_outer_diamond,
          minmay_the_grid_prize_four_corners_diamond_b], layout_geoelf_grid,
          portal_desolation_entry_salt, serial_shops, shop_fountains,
          minmay_elf_demonology, lemuel_flamethrower_1, uniq_roxanne,
          uniq_jorgrun, uniq_aizul
Desolation

Skill      XL: |  1  2  3  4  5  6  7  8  9 10 11 12 13 14 15 |
---------------+----------------------------------------------+-----
Axes           | 3 4 5 6 7 11 14 16 | 16.0
Fighting       | 4 5 6 7 9 10 12 13 14 | 14.9
Shields        | 4 5 6 7 9 10 12 13 14 | 14.9
Armour         | 4 5 6 7 9 10 12 13 14 | 14.9
Dodging        | 3 6 8 9 10 | 10.0
Invocations    | 4 6 8 10 | 10.6

Action                   |  1- 3 |  4- 6 |  7- 9 | 10-12 | 13-15 | 16-18 || total
-------------------------+-------+-------+-------+-------+-------+-------++-------
Melee: War axe           |    76 |   203 |   241 |   418 |  1034 |    10 ||  1982
       Headbutt          |     9 |    29 |    50 |    96 |   241 |     1 ||   426
       Morningstar       |       |       |       |     5 |    20 |       ||    25
 Fire: Hunting sling     |       |       |     2 |       |       |       ||     2
Throw: Dart              |       |       |    27 |    29 |    52 |       ||   108
Invok: Divine Shield     |       |       |       |       |    17 |       ||    17
       Summon Divine War |       |       |       |       |     1 |       ||     1
  Use: Potion            |     1 |       |     1 |     1 |     5 |     2 ||    10
       Scroll            |       |       |       |       |    22 |       ||    22
Armor: Scale mail        |    36 |    40 |       |       |       |       ||    76
       Plate armour      |       |    62 |   115 |   168 |   333 |    15 ||   693
Dodge: Dodged            |    27 |    52 |    37 |    68 |   240 |     8 ||   432
Block: Kite shield       |    31 |   116 |    90 |   202 |   638 |    13 ||  1090
